AoeStats
← kkkg

Arena

508629344Analyzed
4v4 RM · 9d ago on Sep 23, 2026· 32m 28s· 8 players
Game mode
Random Map
Map size
Large (8 player)
Population
200
Speed
Normal
Resources
Standard
Victory
Conquest
Starting age
Dark Age
Ending age
Imperial Age
RankedLock teamsTeams togetherTeam positionsShared explorationLock speedFull tech treeHidden civsTurbo modeCheats
Victory
Defeat
🇹🇼 Danes · Taiwan
1052
+16
🇫🇷 Celts · France
1037
+17
🇧🇪 Turks · Belgium
1023
+18
🇷🇴 Vietnamese · Romania
1001
+18
🇻🇳 Teutons · Vietnam
1098
-18
1087
-19
🇯🇵 Persians · Japan
1082
-18
🇨🇳 Tatars · China
968
-14
-poZ-Tryphe
8:06 Loom
9:52 Feudal Age
15:02 Castle Age
15:04 Double-Bit Axe
15:12 Gold Mining
22:15 Scale Mail Armor
25:24 Wheelbarrow
26:06 Forging
28:23 Chain Mail Armor
28:36 Town Watch
29:12 Arson
30:11 Gold Shaft Mining
32:59 Iron Casting
35:25 Imperial Age
小佑
9:56 Feudal Age
10:57 Horse Collar
11:03 Double-Bit Axe
18:06 Castle Age
16:27 Stone Mining
19:50 Bow Saw
20:17 Squires
20:03 Arson
20:04 Gambesons
20:58 Scale Mail Armor
21:08 Forging
23:58 Iron Casting
24:59 Loom
26:12 Heavy Plow
30:29 Wheelbarrow
29:43 Town Watch
33:30 Imperial Age
33:06 Ballistics
33:16 Hand Cart
32:54 Gold Mining
Nielu256
10:59 Feudal Age
12:57 Loom
15:31 Castle Age
13:41 Horse Collar
14:02 Double-Bit Axe
16:40 Bow Saw
16:33 Heavy Plow
21:24 Loom
24:28 Wheelbarrow
24:32 Town Watch
25:20 Stone Mining
25:24 Gold Mining
29:27 Imperial Age
27:11 Scale Barding Armor
27:16 Forging
26:58 Fletching
26:41 Light Cavalry
28:26 Bloodlines
28:16 Husbandry
28:41 Chain Barding Armor
28:32 Forging
29:00 Chatras
31:56 Crop Rotation
32:28 Two-Man Saw
32:00 Paper Money
31:47 Elite Rattan Archer
33:04 Iron Casting
33:04 Plate Barding Armor
32:31 Padded Archer Armor
PERE NOEL
12:24 Feudal Age
16:46 Castle Age
23:27 Imperial Age
20:46 Horse Collar
21:23 Double-Bit Axe
31:03 Elite Janissary
tiendungcsdt6879
12:29 Feudal Age
16:41 Castle Age
16:32 Double-Bit Axe
16:28 Horse Collar
21:07 Forging
20:50 Man-at-Arms
这是我的弟弟约翰
10:33 Feudal Age
15:03 Castle Age
13:45 Horse Collar
14:46 Double-Bit Axe
19:55 Stone Mining
22:26 Heavy Plow
24:59 Gold Mining
25:36 Bow Saw
27:24 Wheelbarrow
27:49 Stone Shaft Mining
31:30 Imperial Age
29:50 Fortified Wall
29:50 Squires
kkkg
11:10 Feudal Age
11:58 Double-Bit Axe
14:46 Castle Age
18:17 Bow Saw
18:25 Horse Collar
22:30 Fervor
22:23 Stone Mining
24:54 Wheelbarrow
24:21 Gold Mining
25:41 Heavy Plow
26:42 Gold Shaft Mining
25:59 Treadmill Crane
26:44 Ballistics
27:13 Hand Cart
30:58 Imperial Age
28:24 Loom
28:25 Town Watch
29:34 Scale Barding Armor
29:40 Forging
29:21 Fletching
29:31 Padded Archer Armor
31:43 Elite Skirmisher
happykids
10:19 Feudal Age
13:57 Castle Age
12:15 Double-Bit Axe
14:31 Wheelbarrow
14:41 Bow Saw
17:18 Horse Collar
19:22 Scale Barding Armor
19:56 Stone Mining
19:58 Gold Mining
20:57 Forging
21:32 Bloodlines
23:23 Fletching
25:44 Loom
27:06 Gold Shaft Mining
28:36 Bodkin Arrow
32:35 Imperial Age
30:21 Hand Cart
30:41 Husbandry
Connection lost

Rejoining the realm…

Still unreachable

The connection could not be restored.

Session expired

The server has moved on; the page needs a fresh start.